 Dungeon Crawl Stone Soup version 0.22-a0-825-ga28c36f (webtiles) character file.

239 iamserjio the Insei (level 5, -8/45 HPs)
             Began as a Draconian Monk on July 24, 2018.
             Mangled by an ogre
             ... wielding a +0 giant club
              (25 damage)
             ... on level 4 of the Dungeon.
             The game lasted 00:09:23 (1335 turns).

iamserjio the Insei (Draconian Monk)                Turns: 1335, Time: 00:09:24

Health: -8/45      AC:  8    Str: 13    XL:     5   Next: 79%
Magic:  5/5        EV: 13    Int: 12    God:
Gold:   201        SH:  0    Dex: 13    Spells: 4/4 levels left

rFire    + . .     SeeInvis .   h - +1 dagger (elec)
rCold    . . .     Gourm    .   (no shield)
rNeg     . . .     Faith    .   (armour unavailable)
rPois    .         Spirit   .   (helmet restricted)
rElec    .         Reflect  .   c - +2 cloak
rCorr    .         Harm     .   (no gloves)
MR       .....                  (no boots)
Stlth    ++........             (no amulet)
HPRegen  0.15/turn              r - ring of protection from fire
MPRegen  0.09/turn              (no ring)

@: no status effects
A: unfitting armour, cold-blooded, AC +5
a: no special abilities


You were on level 4 of the Dungeon.
You were hungry.

You visited 1 branch of the dungeon, and saw 4 of its levels.

You collected 201 gold pieces.

Inventory:

Hand Weapons
 e - a cursed -3 hunting sling
 h - a +1 dagger of electrocution (weapon)
 j - a +2 short sword of venom
 o - a +2 dagger of protection
Missiles
 f - 21 stones (quivered)
 i - 65 arrows
Armour
 c - a +2 cloak (worn)
Jewellery
 q - an uncursed ring of fire
 r - a ring of protection from fire (left hand)
Wands
 g - a wand of flame (31)
Scrolls
 m - 2 scrolls of remove curse {@r2}
 p - a scroll of teleportation
 s - a scroll of immolation {unknown}
Potions
 b - 2 potions of lignification
 d - a potion of haste {unknown}
 k - a potion of mutation {unknown}
 l - 2 potions of heal wounds {unknown}
 n - 2 potions of flight {unknown}
Comestibles
 a - 6 rations


   Skills:
 - Level 3.2 Fighting
 - Level 2.6 Dodging
 - Level 1.7 Stealth
 * Level 6.6 Unarmed Combat


You had 4 spell levels left.
You didn't know any spells.
Your spell library was empty.

Dungeon Overview and Level Annotations

Branches:
Dungeon (4/15)
 Temple: D:4-7

Altars:
Ashenzari
Vehumet

Annotations:
D:3 Aviak's ghost, amateur VSFE


Innate Abilities, Weirdness & Mutations

Your plain brown scales are hard. (AC +5)
You cannot fit into any form of body armour.
You are cold-blooded and may be slowed by cold attacks.


Message History

The ogre shouts!
You hit the ogre. Lightning courses through the ogre!
You tail-slap the ogre, but do no damage.
The ogre is moderately wounded.
The ogre hits you with a giant club!
You barely miss the ogre.
The ogre is moderately wounded.
The ogre closely misses you.
You hit the ogre.
The ogre is heavily wounded.
You hit the ogre. Lightning courses through the ogre!
The ogre is almost dead.
The ogre hits you with a giant club!
Evoke which item? (* to show all) (? for menu, Esc to quit)
Okay, then.
You hit the ogre.
The ogre is almost dead.
The ogre hits you with a giant club!!
Ouch! That really hurt!
You die...

#..........
##.......... ##
#.......#### ..
#.......#... #.
#.......#... #.
#.......#... #.
#.......#...
#O######.......###.
#.@.........######.
######......#....#.
#......#....#.
#......#....†<
#......#######
########


You could see an ogre.

Vanquished Creatures
  A scorpion (D:4)
  A hound (D:4)
  A bullfrog skeleton (D:4)
  An orc wizard (D:4)
  4 adders
  2 dart slugs
  3 leopard geckos
  9 orcs
  6 bats
  4 giant cockroaches
  5 goblins
  8 hobgoblins
  3 kobolds
  5 frilled lizards
  2 rats (D:2)
55 creatures vanquished.

Notes
Turn   | Place    | Note
-------+----------+-------------------------------------------
     0 | D:1      | iamserjio the Draconian Monk began the quest for the Orb.
     0 | D:1      | Reached XP level 1. HP: 19/19 MP: 1/1
   189 | D:1      | Reached XP level 2. HP: 13/26 MP: 2/2
   307 | D:1      | Reached skill level 4 in Unarmed Combat
   338 | D:2      | Reached XP level 3. HP: 22/31 MP: 3/3
   651 | D:3      | Found a shattered altar of Ashenzari.
   690 | D:3      | Found a runed gate.
   690 | D:3      | Found a runed gate.
   691 | D:3      | Found a runed gate.
   695 | D:3      | Noticed Aviak's ghost (amateur VSFE)
   804 | D:3      | Found a transporter.
   806 | D:3      | Noticed a kobold demonologist
   819 | D:3      | Found a transporter.
   920 | D:3      | Reached XP level 4. HP: 18/38 MP: 4/4
   960 | D:3      | Reached skill level 5 in Unarmed Combat
  1228 | D:4      | Reached XP level 5. HP: 42/45 MP: 5/5
  1239 | D:4      | Found a radiant altar of Vehumet.
  1254 | D:4      | Reached skill level 6 in Unarmed Combat
  1330 | D:4      | Noticed an ogre
  1335 | D:4      | Mangled by an ogre

Vault maps used:
D:1:      lightli_arrival_noodles, minmay_misc_feat_alley, minmay_tromino_v4_b
D:2:      lemuel_zombie_altar_kikubaaqudgha, first_ration,
          kennysheep_generic_room_7
D:3:      gammafunk_wand_slinger, nicolae_ashenzari_panopticon,
          ebering_ghost_rock_garden
D:4:      old_standard_altar, minmay_temple_entry_poolview, uniq_duvessa

Skill      XL: |  1  2  3  4  5 |
---------------+----------------+-----
Unarmed Combat | 4 5 6 |  6.6
Fighting       | |  3.2
Dodging        | |  2.6
Stealth        | |  1.7

Action                   |  1- 3 |  4- 6 || total
-------------------------+-------+-------++-------
Melee: Unarmed           |    37 |       ||    37
       Dagger            |    76 |    63 ||   139
       Tailslap          |    12 |    10 ||    22
       Short sword       |     2 |       ||     2
       Punch             |       |     1 ||     1
  Use: Scroll            |       |     5 ||     5
 Stab: Sleeping          |     8 |     1 ||     9
  Eat: Chunk             |       |     1 ||     1
Armor: Skin              |    27 |    29 ||    56
Dodge: Dodged            |    58 |    44 ||   102

Table legend:
 A = Spawn XP
 B = Non-spawn XP
 C = Spawn XP percentage of total XP
 D = Spawn monster count
 E = Non-spawn monster count
 F = Spawn count percentage of total count
 G = Total turns spent on level
                    A         B        C        D         E        F      G
               +---------+---------+-------+---------+---------+-------+---------
         Total |       0 |     342 |   0.0 |       0 |      55 |   0.0 |  1335
               +---------+---------+-------+---------+---------+-------+---------
           D:1 |       0 |      30 |   0.0 |       0 |      15 |   0.0 |   341
           D:2 |       0 |      28 |   0.0 |       0 |      11 |   0.0 |   307
           D:3 |       0 |      61 |   0.0 |       0 |      17 |   0.0 |   351
           D:4 |       0 |     223 |   0.0 |       0 |      12 |   0.0 |   336
               +---------+---------+-------+---------+---------+-------+---------
